2598 views
Uploaded 2020-02-09 16:23:57
Game version 1.32 / 1.32.1
9:13 long 1on1 ladder game on (2)LastRefuge
Saved by Grim
2598 views
Uploaded 2020-02-09 16:23:57
Game version 1.32 / 1.32.1
9:13 long 1on1 ladder game on (2)LastRefuge

18 units @ 2.1k
/ 0.1k
10 buildings @ 1.7k
/ 0.5k


| Rod of Necromancy | 2 | 300 |
| total: | 2 | 300g |
| Acolyte | 4 | 300 | / | 0 |
| Ghoul | 12 | 1440 | / | 0 |
| Obsidian Statue | 1 | 200 | / | 35 |
| Gargoyle | 1 | 175 | / | 30 |
| total: | 18 | 2115g | / | 65w |
| Nerubian Tower | 1 | 100 | / | 20 |
| Crypt | 2 | 400 | / | 100 |
| Altar of Darkness | 1 | 180 | / | 50 |
| Ziggurat | 4 | 600 | / | 200 |
| Tomb of Relics | 1 | 130 | / | 30 |
| Graveyard | 1 | 215 | / | 0 |
| Slaughterhouse | 1 | 140 | / | 135 |
| Halls of the Dead | 1 | 320 | / | 210 |
| Black Citadel | 1 | 325 | / | 230 |
| total: | 10 | 1665g | / | 515w |
| 0:01 | Acolyte |
| 0:01 | Acolyte |
| 0:06 | Crypt |
| 0:07 | Crypt |
| 0:11 | Altar of Darkness |
| 0:32 | Ziggurat |
| 0:53 | Tomb of Relics |
| 1:07 | Ghoul |
| 1:09 | Ghoul |
| 1:26 | Ziggurat |
| 1:38 | Ghoul |
| 1:49 | Ghoul |
| 2:04 | Ghoul |
| 2:19 | Frost Nova |
| 2:30 | Rod of Necromancy |
| 2:48 | Halls of the Dead |
| 3:00 | Nerubian Tower |
| 3:08 | Ghoul |
| 3:23 | Dark Ritual |
| 3:25 | Ghoul |
| 3:37 | Ghoul |
| 3:47 | Ziggurat |
| 4:20 | Ghoul |
| 4:24 | Graveyard |
| 4:59 | Ghoul |
| 5:09 | Acolyte |
| 5:10 | Acolyte |
| 6:17 | Black Citadel |
| 6:37 | Death Coil |
| 6:38 | Rod of Necromancy |
| 6:43 | Slaughterhouse |
| 6:51 | Ghoul |
| 7:06 | Ghoul |
| 7:21 | Frost Nova |
| 7:36 | Unholy Armor |
| 7:47 | Obsidian Statue |
| 7:55 | Ziggurat |
| 8:26 | Unholy Aura |
| 8:47 | Ghoul Frenzy |
| 8:51 | Gargoyle |
| Right click | 613 |
| Select group | 287 |
| Assign group | 239 |
| Select | 163 |
| Build/train/purchase | 38 |
| Use ability | 12 |
| Chat | 11 |
| Misc. action | 7 |
| Item give/drop | 1 |
| Remove unit | 1 |
13 units @ 1.7k
/ 0.1k
10 buildings @ 1.6k
/ 0.5k



| Rod of Necromancy | 3 | 450 |
| Ritual Dagger | 1 | 125 |
| Sacrificial Skull | 1 | 50 |
| Orb of Corruption | 1 | 375 |
| total: | 6 | 1000g |
| Acolyte | 3 | 225 | / | 0 |
| Ghoul | 7 | 840 | / | 0 |
| Crypt Fiend | 2 | 430 | / | 80 |
| Obsidian Statue | 1 | 200 | / | 35 |
| total: | 13 | 1695g | / | 115w |
| Nerubian Tower | 1 | 100 | / | 20 |
| Altar of Darkness | 1 | 180 | / | 50 |
| Ziggurat | 5 | 750 | / | 250 |
| Crypt | 1 | 200 | / | 50 |
| Tomb of Relics | 1 | 130 | / | 30 |
| Graveyard | 1 | 215 | / | 0 |
| Slaughterhouse | 1 | 140 | / | 135 |
| Halls of the Dead | 1 | 320 | / | 210 |
| Black Citadel | 1 | 325 | / | 230 |
| total: | 10 | 1615g | / | 515w |
| 0:02 | Acolyte |
| 0:03 | Acolyte |
| 0:05 | Altar of Darkness |
| 0:07 | Ziggurat |
| 0:11 | Crypt |
| 0:34 | Ziggurat |
| 0:41 | Acolyte |
| 0:58 | Tomb of Relics |
| 1:12 | Ghoul |
| 1:23 | Ziggurat |
| 1:35 | Ghoul |
| 1:50 | Ghoul |
| 2:03 | Ghoul |
| 2:24 | Rod of Necromancy |
| 2:25 | Frost Nova |
| 2:41 | Ghoul |
| 2:59 | Halls of the Dead |
| 3:12 | Nerubian Tower |
| 3:18 | Ghoul |
| 4:09 | Ritual Dagger |
| 4:17 | Graveyard |
| 4:18 | Ziggurat |
| 4:31 | Ghoul |
| 4:48 | Dark Ritual |
| 5:26 | Black Citadel |
| 5:44 | Crypt Fiend |
| 5:49 | Frost Nova |
| 5:53 | Slaughterhouse |
| 6:26 | Sacrificial Skull |
| 6:27 | Rod of Necromancy |
| 6:40 | Ziggurat |
| 7:09 | Death Coil |
| 7:30 | Crypt Fiend |
| 7:31 | Obsidian Statue |
| 8:11 | Unholy Aura |
| 8:35 | Orb of Corruption |
| 8:38 | Rod of Necromancy |
| 8:43 | Destroyer Form |
| 8:55 | Silence |
| Select group | 999 |
| Right click | 616 |
| Select | 190 |
| Build/train/purchase | 42 |
| Assign group | 35 |
| Use ability | 16 |
| Chat | 11 |
| Misc. action | 10 |
| Item give/drop | 1 |